 Dungeon Crawl Stone Soup version 0.27.1-4-g1640c2035a (webtiles) character file.

Game seed: 12430150040150925135

25 Stomo444 the Skirmisher (level 2, -6/24 HPs)
             Began as a Demonspawn Monk on Nov 9, 2021.
             Mangled by an ogre (30 damage)
             ... on level 2 of the Dungeon.
             The game lasted 00:00:52 (1188 turns).

Stomo444 the Skirmisher (Demonspawn Monk)           Turns: 1188, Time: 00:00:52

Health: -6/24      AC:  3    Str: 11    XL:     2   Next: 86%
Magic:  2/2        EV: 13    Int: 11    God:
Gold:   43         SH:  0    Dex: 15    Spells: 1/1 levels left

rFire    . . .     SeeInvis .   a - +0 mace
rCold    . . .     Faith    .   (no shield)
rNeg     . . .     Spirit   .   b - +0 robe
rPois    .         Reflect  .   (no helmet)
rElec    .         Harm     .   (no cloak)
rCorr    .         Rampage  .   (no gloves)
Will     .....                  c - +0 pair of boots
Stlth    ++........             (no amulet)
HPRegen  0.08/turn              (no ring)
MPRegen  0.08/turn              (no ring)

@: no status effects
A: demonic guardian 1
a: no special abilities


You were on level 2 of the Dungeon.
You visited 1 branch of the dungeon, and saw 2 of its levels.

You collected 43 gold pieces.

Inventory:

Hand Weapons
 a - a +0 mace (weapon)
Armour
 b - a +0 robe (worn)
 c - a +0 pair of boots (worn)
Jewellery
 g - an amulet of guardian spirit
Scrolls
 d - 2 scrolls of teleportation {unknown}
 e - a scroll of amnesia {unknown}
 f - a scroll of summoning {unknown}
 h - a scroll of enchant weapon {unknown}


   Skills:
 * Level 3.5 Fighting
 * Level 3.1 Maces & Flails
 + Level 2.9 Dodging
 - Level 1.7 Stealth


You had one spell level left.
You didn't know any spells.
Your spell library contained the following spells:

 Spells                   Type           Power      Damage    Failure   Level
 Sting                    Tmut/Pois      0%         1d3       34%         1
 Poisonous Vapours        Pois/Air       0%         N/A       47%         2
 Olgreb's Toxic Radiance  Pois           0%         N/A       98%         4


Dungeon Overview and Level Annotations

Branches:
Dungeon (2/15)

Altars:


Innate Abilities, Weirdness & Mutations

A weak demonic guardian rushes to your aid.


Message History

You hit the endoplasm.
You kill the endoplasm!
No target in view!
No target in view!
No target in view!
No target in view!
No target in view!
No target in view!
No target in view!
No target in view!
No target in view!
You now have 43 gold pieces (gained 9).
Found a scroll labelled QANWEU LIGHACH.
Found a stone staircase leading down.
h - a scroll labelled QANWEU LIGHACH
There is a stone staircase leading down here.
There is a stone staircase leading down here.
Found 9 gold pieces.
An ogre comes into view. It is wielding a +0 giant spiked club.
An ogre is nearby!
An ogre is nearby!
The ogre shouts!
You thump the ogre!
The ogre is moderately wounded.
The ogre barely misses you.
You hit the ogre but do no damage.
The ogre is moderately wounded.
A rat comes into view.
The ogre misses you.
You sock the ogre!
The ogre is heavily wounded.
The ogre misses you. The rat bites you but does no damage.
You hit the ogre.
The ogre is severely wounded.
The ogre closely misses you. The rat barely misses you.
You hit the ogre.
The ogre is severely wounded.
The rat closely misses you.
The ogre hits you with a +0 giant spiked club!!
Ouch! That really hurt!
You die...

######### ####
#.......# #..
#.#####.## #.#
#.####.#.####r###
###.##..###.....@.#
....##.#.#>####O#.#
###.......## #..$..#
###.......# ####.###
.......##.# #.. ...
.##.#####.# #.# .##.
.##.#####.####.##.# #
..................# #
.##..##.........####.#


You could see an ogre and a rat.

Vanquished Creatures
  An adder (D:2)
  A dart slug (D:2)
  A ball python (D:1)
  A bat (D:1)
  4 endoplasms
  2 frilled lizards (D:1)
  5 rats
15 creatures vanquished.

Notes
Turn   | Place    | Note
-------+----------+-------------------------------------------
     0 | D:1      | Stomo444 the Demonspawn Monk began the quest for the Orb.
     0 | D:1      | Reached XP level 1. HP: 18/18 MP: 1/1
   578 | D:1      | Gained mutation: A weak demonic guardian rushes to your
                  | aid. [demonic ancestry]
   578 | D:1      | Reached XP level 2. HP: 24/24 MP: 2/2
  1101 | D:2      | Found a faded altar of an unknown god.
  1181 | D:2      | Noticed an ogre
  1188 | D:2      | Mangled by an ogre

Illustrated notes

Levels and vault maps discovered:
D:1:      dpeg_arrival_castle, layout_basic
D:2:      layout_loops_cross, chequers_ecumenical_altar_simple_redux

Skill      XL: |  1  2 |
---------------+-------+-----
Maces & Flails | 3 |  3.1
Fighting       | |  3.5
Dodging        | |  2.9
Stealth        | |  1.7

Action                   || total
-------------------------++-------
Melee: Mace              ||    49
 Stab: Sleeping          ||     2
       Distracted        ||     1
Armor: Robe              ||    13
Dodge: Dodged            ||    43
